 Dungeon Crawl Stone Soup version 0.31-a0-851-g7ff8af7976 (webtiles) character file.

Game seed: 15194930495626638242

195849 bearlyready the Executioner (level 17, -7/150 (171) HPs)
             Began as a Minotaur Reaver on Oct 7, 2023.
             Was the Champion of Ru.
             Killed from afar by a merfolk aquamancer (14 damage)
             ... with a torrent of water
             ... on level 4 of the Shoals on Oct 8, 2023.
             The game lasted 01:12:38 (28106 turns).

bearlyready the Executioner (Minotaur Reaver)      Turns: 28106, Time: 01:12:39

HP:   -7/150 (171)  AC: 22    Str: 23    XL:     17   Next: 72%
MP:   9/16          EV: 16    Int: 10    God:    Ru [******]
Gold: 1864          SH:  0    Dex:  9    Spells: 18/18 levels left

rFire   . . .        e - +8 executioner's axe (venom)
rCold   . . .        (shield currently unavailable)
rNeg    . . .        P - +0 steam dragon scales
rPois   .            H - +1 hat {SInv}
rElec   .            z - +2 cloak
rCorr   .            Y - +0 pair of gloves
SInv    +            d - +2 pair of boots {Fly}
Will    +....        J - amulet of regeneration Stlth
                     m - +4 ring of slaying
HPRegen 1.25/turn    X - +4 ring of protection
MPRegen 0.15/turn

%: no passive effects
@: exhausted, about to teleport, flying, hasted, heavily drained, very quick
A: horns 2, inability to drink after injury 2, inability to read after injury 2,
no stealth, inability to use devices, no air magic, no conjurations magic, no
transmutations magic, retaliatory headbutt, clumsy 1, low MP 1
}: 1/15 runes: gossamer
a: Renounce Religion, Draw Out Power, Power Leap, Apocalypse


You were on level 4 of the Shoals.
You worshipped Ru.
Ru was exalted by your worship.
You visited 5 branches of the dungeon, and saw 30 of its levels.

You collected 3721 gold pieces.
You spent 1857 gold pieces at shops.

Inventory:

Hand Weapons
 e - a +8 executioner's axe of venom (weapon)
 p - a +0 triple crossbow
 w - the +9 arbalest "Kunac" {penet, rCorr Int+2}
   (You found it on level 5 of the Lair of Beasts)

   Int+2:     It affects your intelligence (+2).
   rCorr:     It protects you from acid and corrosion.
 D - a +0 broad axe
Missiles
 a - 7 silver javelins
 i - 26 boomerangs (quivered)
 I - a throwing net
 L - 10 javelins
 Q - 14 poisoned darts
 U - 7 atropa-tipped darts
 Z - 4 curare-tipped darts
Armour
 d - a +2 pair of boots of flying (worn)
 z - a +2 cloak (worn)
 A - a +1 scale mail of willpower
 H - a +1 hat of see invisible (worn)
 P - +0 steam dragon scales (worn)
 V - a +0 buckler
 Y - a +0 pair of gloves (worn)
Jewellery
 g - a ring of fire
 m - a +4 ring of slaying (left hand)
 o - the ring of Idankoik {Fly Int-5 Dex+8 SInv Stlth-}
   (You found it on level 1 of the Spider Nest)

   [ring of see invisible]

   Int-5:     It affects your intelligence (-5).
   Dex+8:     It affects your dexterity (+8).
   SInv:      It lets you see invisible.
   Fly:       It grants you flight.
   Stlth-:    It makes you less stealthy.
 t - a ring of poison resistance
 J - an amulet of regeneration (around neck)
 X - a +4 ring of protection (right hand)
Scrolls
 c - 8 scrolls of poison
 f - 4 scrolls of revelation
 j - 3 scrolls of vulnerability
 q - 2 scrolls of enchant armour
 s - 2 scrolls of amnesia
 v - 6 scrolls of silence
 x - 8 scrolls of teleportation
 y - 2 scrolls of blinking
 C - a scroll of torment
 F - 5 scrolls of noise
 K - 2 scrolls of fear
 N - 9 scrolls of immolation
 T - 5 scrolls of fog
Potions
 b - a potion of cancellation {unknown}
 h - 7 potions of ambrosia
 k - 7 potions of haste
 l - 6 potions of lignification
 n - 4 potions of invisibility
 r - 2 potions of might
 u - 5 potions of curing
 B - 2 potions of berserk rage {unknown}
 E - 2 potions of brilliance
 G - 5 potions of mutation
 M - 5 potions of enlightenment
 O - 5 potions of attraction
 R - 2 potions of resistance {unknown}
 S - 3 potions of magic {unknown}
 W - 3 potions of heal wounds


   Skills:
 + Level 20.4 Fighting
 + Level 24.0 Axes
 - Level 10.0 Throwing
 - Level 14.0 Armour
 - Level 13.0 Dodging
 - Level 1.3 Spellcasting


You had 18 spell levels left.
You didn't know any spells.
Your spell library contained the following spells:

 Spells                   Type           Power      Damage    Failure   Level
 Freeze                   Ice            0%         1d3       32%         1
 Summon Small Mammal      Summ           0%         N/A       32%         1
 Blink                    Tloc           0%         N/A       45%         2
 Lesser Beckoning         Tloc           0%         N/A       45%         2
 Call Canine Familiar     Summ           0%         N/A       69%         3
 Confusing Touch          Hex            0%         N/A       69%         3
 Frozen Ramparts          Ice            0%         1d1       69%         3
 Inner Flame              Hex/Fire       0%         N/A       69%         3
 Summon Guardian Golem    Hex/Summ       0%         N/A       69%         3
 Animate Dead             Necr           0%         N/A       97%         4
 Dispel Undead            Necr           0%         3d6       97%         4
 Manifold Assault         Tloc           0%         N/A       97%         4
 Summon Ice Beast         Ice/Summ       0%         N/A       97%         4
 Borgnjor's Vile Clutch   Necr/Erth      0%         N/A       100%        5
 Summon Mana Viper        Hex/Summ       0%         N/A       100%        5
 Death Channel            Necr           0%         N/A       100%        6
 Simulacrum               Ice/Necr       0%         N/A       100%        6
 Enfeeble                 Hex            0%         N/A       100%        7
 Monstrous Menagerie      Summ           0%         N/A       100%        7
 Shatter                  Erth           0%         3d5*      100%        9
 Kiss of Death            Conj/Necr      Unusable   2d5       N/A         1
 Momentum Strike          Conj/Tloc      Unusable   3d8       N/A         2
 Static Discharge         Conj/Air       Unusable   2-2/arc   N/A         2
 Hailstorm                Conj/Ice       Unusable   3d3       N/A         3
 Airstrike                Air            Unusable   2d(0-16)  N/A         4
 Flame Wave               Conj/Fire      Unusable   2d4       N/A         4
 Sticky Flame             Conj/Fire      Unusable   2d3       N/A         4
 Summon Lightning Spire   Summ/Air       Unusable   N/A       N/A         4
 Alistair's Intoxication  Tmut/Pois      Unusable   N/A       N/A         5
 Yara's Violent Unravell  Hex/Tmut       Unusable   3d3       N/A         5
 Eringya's Noxious Bog    Tmut/Pois      Unusable   4d6       N/A         6
 Chain Lightning          Conj/Air       Unusable   N/A       N/A         9
 Fire Storm               Conj/Fire      Unusable   5d1       N/A         9

Dungeon Overview and Level Annotations

Branches:
Dungeon (15/15)            Temple (0/1) D:6            Lair (5/5) D:8
 Shoals (4/4) Lair:3       Spider (4/4) Lair:2        Slime (0/5) Lair:5
    Orc (2/2) D:12            Elf (0/3) Orc:2        Vaults (0/5) D:14
 Depths (0/4) D:15

Altars:
Dithmenos
Elyvilon
Fedhas
Gozag
Kikubaaqudgha
Makhleb
Nemelex Xobeh
Okawaru
Ru
Uskayaw
Vehumet
Xom
The Shining One

Shops:
D:5 !   D:7 !   D:9 ?   D:12 [   D:15 *   Orc:1 [   Orc:2 ?*[:   Shoals:2 *

Portals:
Pandemonium: Orc:2
Trove: D:15 (give 4 potions of resistance)

Annotations:
Shoals:2 3 runed translucent doors, exclusion: obsidian statue, justen's ghost, journeyman GnSh
Shoals:3 Roxanne


Innate Abilities, Weirdness & Mutations

You have a pair of horns on your head.
You sometimes lose the ability to drink potions when taking damage.
You sometimes lose the ability to read scrolls when taking damage.
You cannot be stealthy.
You cannot study or use magical devices.
You cannot study or cast Air magic.
You cannot study or cast Conjurations magic.
You cannot study or cast Transmutations magic.
You reflexively headbutt those who attack you in melee.
You are clumsy. (Dex -2)
Your magical capacity is low. (-10% MP)


Message History

The sea snake looks frightened!
The merfolk siren looks frightened!
The merfolk resists with some effort.
The merfolk siren stops singing.
You break out of your daze!
Activating: Apocalypse
Press: ? - help, Dir - look around, f - activate You reveal the great annihilating truth to your foes!
You kill the merfolk!
You hear a splash. x2
You kill the sea snake!
You kill the merfolk!
You hear a splash.
The merfolk is paralysed by terrible understanding!
You kill the merfolk!
You hear a splash. x2
The merfolk is paralysed by terrible understanding! x2
You kill the merfolk siren!
You hear a splash. x2
You feel drained.
You hear an angry hiss.
You hear a shout! x4; You hear a roar.
You hear a shout! x2; You hear a screech.
You hear a shout! x3
You hear a bleat!
You hear a shout!
You hear an angry hiss.
You hear a shout! x3
Your Axes skill increases to level 24! 2 merfolk aquamancers come into view.
A merfolk aquamancer is wielding a +0 rapier of freezing.
A merfolk aquamancer is wielding a +0 rapier of protection.
The merfolk aquamancer shouts! x2
You redirect the merfolk aquamancer's attack!
A merfolk impaler comes into view.
It is wielding a +1 demon trident of venom.
Found a glowing trident.
You redirect the merfolk aquamancer's attack!
A merfolk comes into view. It is wielding a +0 trident.
The merfolk aquamancer points at you and mumbles some strange words.
The torrent of water hits you!!
* * * LOW HITPOINT WARNING * * *
You are knocked back by the torrent of water.
The wave splashes down.
You hear a shout! x2
As you read the scroll of teleportation, it crumbles to dust.
You feel strangely unstable.
The merfolk aquamancer points at you and mumbles some strange words.
The torrent of water hits you!
You die...

≈≈≈≈≈≈≈≈m≈≈≈≈≈≈≈≈≈≈≈≈≈
~.~.~~~~~~mmm≈≈≈≈≈≈≈≈≈##
~.~~~~~###~)≈≈≈≈≈≈≈≈≈≈##
~P~~~### ###m≈≈≈≈≈≈≈≈≈##
~P.~# ##m≈≈≈≈≈≈≈≈## .~P
#~≈≈≈≈≈≈≈≈##
##~≈≈≈≈≈≈≈## #~≈≈≈≈≈≈≈##
#~≈@≈≈≈≈≈## #~≈≈≈≈≈≈≈##
##~≈≈≈≈≈≈≈##
#~~≈≈≈≈≈≈≈##
#~≈≈≈≈≈≈≈≈##
~~≈≈≈≈≈≈≈≈##
.m~≈≈≈≈≈≈≈≈##
.m.~≈≈≈≈≈≈≈≈##
.m~~≈≈≈≈≈≈≈≈≈#


You could see 2 merfolk impalers, a merfolk aquamancer, 3 merfolk and a merfolk
siren.

Vanquished Creatures
  Rupert (D:14)
  3 emperor scorpions
  The ghost of avis the Metamorph, a journeyman HOMo of Beogh (Orc:2)
  3 ghost moths (Spider:4)
  A broodmother (Spider:4)
  Nessos (D:14)
  An apis (Shoals:3)
  3 spark wasps
  2 merfolk impalers
  A merfolk javelineer (Shoals:2)
  Josephine (Shoals:1)
  The ghost of tinfoiltophat the Thaumaturge, a journeyman DjFE of Cheibriados (D:11)
  A fire dragon (D:15)
  3 hydras
  A rakshasa (D:14)
  10 jorogumos (Spider:4)
  3 centaur warriors (D:14)
  4 merfolk avatars
  2 catoblepae (Lair:5)
  2 demonspawn (Orc:2)
  2 merfolk aquamancers
  5 boulder beetles
  An alligator snapping turtle (Shoals:2)
  4 two-headed ogres
  3 satyrs (Shoals:3)
  A deep troll shaman (Lair:5)
  4 radroaches
  A deep troll earth mage (D:15)
  3 demonic crawlers
  Urug (D:14)
  10 death yaks
  A death scarab (Spider:3)
  6 orc high priests (Orc:2)
  A holy swine (Shoals:4)
  2 skysharks
  A soul eater (Orc:2)
  Amaemon (Lair:3)
  A skeletal warrior (D:15)
  3 pharaoh ants
  12 orb spiders
  11 sea snakes
  A wizard (D:15)
  Pikel (D:5)
  12 harpies
  A deep elf pyromancer (D:15)
  20 wolf spiders
  3 ugly things
  5 steelbarb worms
  3 fauns (Shoals:3)
  5 orc knights
  8 cyclopes
  5 orc sorcerers (Orc:2)
  14 manticores
  2 moths of wrath (Spider:4)
  4 black mambas
  13 elephants
  9 merfolk sirens
  3 water nymphs
  Maurice (Orc:2)
  5 torpor snails
  An orange demon (Lair:3)
  6 cane toads
  An unseen horror zombie (D:8)
  A yaktaur (D:15)
  5 rime drakes
  4 freezing wraiths
  7 komodo dragons
  2 unseen horrors
  An efreet (D:14)
  A tengu conjurer (D:13)
  A meliai (shapeshifter) (D:14)
  26 merfolk
  5 trolls
  9 meliai
  6 polar bears
  3 wind drakes
  A hornet (Lair:2)
  14 tarantellas
  8 snapping turtles
  10 blink frogs
  2 dream sheep (Shoals:2)
  26 culicivoras
  25 jumping spiders
  Sigmund (D:3)
  6 wraiths
  3 shadows
  11 slime creatures
  A vampire (D:11)
  15 humans (D:14)
  9 water elementals
  15 wyverns
  58 yaks
  4 steam dragons
  8 vampire mosquitoes
  79 redbacks
  12 basilisks
  A redback simulacrum (D:14)
  A warg (Orc:1)
  2 neqoxecs (Orc:2)
  Menkaure (D:5)
  8 water moccasins
  26 orc warriors
  A sky beast (D:6)
  A hell hound (Lair:5)
  3 black bears
  4 ice beasts
  7 ogres
  15 wolves
  5 centaurs
  A phantom (D:4)
  A kobold brigand (D:8)
  3 necrophages (D:8)
  7 bullfrogs
  A gnoll sergeant (D:6)
  6 scorpions
  8 killer bees
  2 howler monkeys (D:11)
  2 electric eels (D:11)
  9 jellies
  20 orc priests
  Crazy Yiuf (D:4)
  Ijyb (D:5)
  5 hounds
  2 sleepcaps (D:6)
  2 iguanas (D:6)
  20 orc wizards
  5 hell rats (Lair:5)
  A killer bee zombie (D:8)
  A howler monkey zombie (D:8)
  18 gnolls
  5 adders
  2 white imps
  5 ufetubi
  6 worms
  A dart slug (D:3)
  103 orcs
  7 endoplasms
  3 giant cockroaches
  6 goblins
  11 hobgoblins
  7 jackals
  6 quokkas
  5 ball pythons
  6 bats
  5 frilled lizards
  6 kobolds
  11 rats
1007 creatures vanquished.

Vanquished Creatures (others)
  A demonspawn (Orc:2)
  A hydra (Lair:3)
  A death yak (Lair:5)
  A sea snake (Shoals:3)
  An orc knight (Orc:2)
  A harpy (Shoals:1)
  A merfolk siren (Shoals:3)
  2 culicivoras (Spider:2)
  A yak (D:12)
  A human (D:14)
  An orc wizard (D:6)
12 creatures vanquished.

Grand Total: 1019 creatures vanquished

Notes
Turn   | Place    | Note
-------+----------+-------------------------------------------
     0 | D:1      | bearlyready the Minotaur Reaver began the quest for the
                  | Orb.
     0 | D:1      | Reached XP level 1. HP: 18/18 MP: 1/1
    17 | D:1      | Reached skill level 4 in Axes
   108 | D:1      | Reached XP level 2. HP: 19/25 MP: 3/3
   705 | D:2      | Reached skill level 5 in Axes
   840 | D:2      | Reached XP level 3. HP: 30/30 MP: 4/4
  1331 | D:2      | Reached skill level 6 in Axes
  1331 | D:2      | Reached XP level 4. HP: 28/37 MP: 5/5
  1723 | D:3      | Reached XP level 5. HP: 42/42 MP: 6/6
  1821 | D:3      | Noticed Sigmund
  1828 | D:3      | Killed Sigmund
  1829 | D:3      | Reached skill level 7 in Axes
  1829 | D:3      | Reached XP level 6. HP: 35/52 MP: 7/7
  2236 | D:4      | Found a burning altar of Makhleb.
  2383 | D:4      | Identified the +1 sling "Miningic" {heavy, rPois rCorr
                  | Int-5}
  2415 | D:4      | Reached skill level 8 in Axes
  2454 | D:4      | Found a radiant altar of Vehumet.
  2544 | D:4      | Found a sparkling altar of Nemelex Xobeh.
  2609 | D:4      | Reached skill level 5 in Fighting
  2750 | D:4      | Reached XP level 7. HP: 48/61 MP: 8/8
  2882 | D:4      | Found a runed translucent door.
  2883 | D:4      | Noticed Crazy Yiuf
  3089 | D:4      | Killed Crazy Yiuf
  3154 | D:5      | Entered Level 5 of the Dungeon
  3187 | D:5      | Found a sacrificial altar of Ru.
  3217 | D:5      | Found Ful Betoi's Distillery.
  3239 | D:5      | Bought a potion of might for 48 gold pieces
  3239 | D:5      | Bought a potion of curing for 36 gold pieces
  3239 | D:5      | Bought a potion of lignification for 36 gold pieces
  3266 | D:5      | Became a worshipper of Ru the Awakened
  3308 | D:5      | Noticed Menkaure
  3312 | D:5      | Killed Menkaure
  3335 | D:5      | Reached skill level 9 in Axes
  3449 | D:5      | Reached XP level 8. HP: 73/73 MP: 9/9
  3593 | D:5      | Reached skill level 10 in Axes
  3628 | D:5      | Found a shimmering altar of Xom.
  3745 | D:5      | Found a shadowy altar of Dithmenos.
  3760 | D:5      | Noticed Ijyb
  3767 | D:5      | Killed Ijyb
  3979 | D:5      | Noticed Pikel
  3988 | D:5      | Killed Pikel
  4183 | D:6      | Reached XP level 9. HP: 82/82 MP: 10/10
  4367 | D:6      | Found a staircase to the Ecumenical Temple.
  4504 | D:6      | Reached skill level 11 in Axes
  4650 | D:6      | Gained mutation: You cannot be stealthy. [Ru sacrifice]
  4911 | D:7      | Reached skill level 5 in Dodging
  4978 | D:7      | Reached skill level 5 in Armour
  5053 | D:7      | Found Jixilas's Distillery.
  5066 | D:7      | Bought a potion of heal wounds for 80 gold pieces
  5066 | D:7      | Bought a potion of heal wounds for 80 gold pieces
  5066 | D:7      | Bought a potion of curing for 48 gold pieces
  5066 | D:7      | Bought a potion of curing for 48 gold pieces
  5084 | D:7      | Found a glowing golden altar of the Shining One.
  5279 | D:7      | Found a hide-covered altar of Uskayaw.
  5494 | D:8      | Reached skill level 10 in Fighting
  5502 | D:8      | Noticed a two-headed ogre
  5509 | D:8      | Killed a two-headed ogre
  5510 | D:8      | Reached skill level 1 in Throwing
  5510 | D:8      | Reached XP level 10. HP: 60/93 MP: 11/11
  5667 | D:8      | Reached skill level 12 in Axes
  5863 | D:8      | Found an iron altar of Okawaru.
  5952 | D:8      | Found a white marble altar of Elyvilon.
  6004 | D:8      | Found a blossoming altar of Fedhas.
  6140 | D:8      | Found a staircase to the Lair.
  6564 | D:9      | Noticed a two-headed ogre
  6570 | D:9      | Killed a two-headed ogre
  6601 | D:9      | Identified the +7 flail of Doomed Tender Mercy {flame,
                  | *Noise rElec rC+ Str+3}
  6723 | D:9      | Found Gakudd's Magic Scroll Shoppe.
  6732 | D:9      | Bought a scroll of teleportation for 51 gold pieces
  6732 | D:9      | Bought a scroll of teleportation for 51 gold pieces
  6732 | D:9      | Bought a scroll of fear for 68 gold pieces
  6797 | D:9      | Gained mutation: You cannot study or use magical devices.
                  | [Ru sacrifice]
  6797 | D:9      | Reached * piety under Ru
  6797 | D:9      | Reached ** piety under Ru
  6797 | D:9      | Reached *** piety under Ru
  7150 | D:10     | Entered Level 10 of the Dungeon
  7297 | D:10     | Reached XP level 11. HP: 71/102 MP: 12/12
  7533 | D:10     | Found an opulent altar of Gozag.
  7574 | D:10     | Found an ancient bone altar of Kikubaaqudgha.
  7647 | D:11     | Noticed a two-headed ogre
  7767 | D:11     | Found a runed translucent gate.
  7767 | D:11     | Found a runed translucent gate.
  7797 | D:11     | Found a runed translucent gate.
  7797 | D:11     | Noticed tinfoiltophat's ghost (journeyman DjFE)
  7806 | D:11     | Noticed a brown ugly thing
  7828 | D:11     | Killed a brown ugly thing
  7922 | D:11     | Killed a two-headed ogre
  7923 | D:11     | Reached skill level 13 in Axes
  8151 | D:11     | Noticed a two-headed ogre
  8166 | D:11     | Killed a two-headed ogre
  8167 | D:11     | Reached skill level 5 in Throwing
  8312 | D:12     | Noticed a brown ugly thing
  8429 | D:12     | Found Teamul's Armour Shoppe.
  8715 | D:12     | Noticed a red ugly thing
  8729 | D:12     | Killed a red ugly thing
  8814 | D:12     | Reached XP level 12. HP: 91/112 MP: 13/13
  8940 | D:12     | Found a staircase to the Orcish Mines.
  9140 | D:13     | Noticed a boulder beetle
  9158 | D:13     | Killed a boulder beetle
  9443 | D:13     | You fall into a shaft and drop 2 floors!
  9443 | D:15     | Entered Level 15 of the Dungeon
  9467 | D:15     | Reached skill level 14 in Axes
  9566 | D:15     | Reached skill level 10 in Armour
  9683 | D:15     | Found Haakkiw's Assorted Antiques.
 10067 | D:15     | Found a staircase to the Depths.
 10067 | D:15     | Noticed a fire dragon
 10067 | D:15     | Noticed a deep troll earth mage
 10121 | D:14     | Noticed Rupert
 10121 | D:14     | Noticed Nessos
 10121 | D:14     | Noticed Urug
 10121 | D:14     | Found a gate to the Vaults.
 10146 | D:14     | Noticed a centaur warrior
 10153 | D:14     | Noticed a boulder beetle
 10160 | D:14     | Noticed a boulder beetle
 10167 | D:14     | Killed a boulder beetle
 10186 | D:14     | Killed a boulder beetle
 10187 | D:14     | Reached skill level 10 in Dodging
 10189 | D:14     | Killed a centaur warrior
 10252 | D:14     | Noticed a centaur warrior
 10267 | D:14     | Killed a centaur warrior
 10606 | D:11     | Identified the ring of Qebraz {Ice Str-2 Int+5}
 11092 | Lair:1   | Entered Level 1 of the Lair of Beasts
 11248 | D:11     | Killed tinfoiltophat's ghost
 11257 | D:11     | Reached XP level 13. HP: 85/122 MP: 14/14
 11608 | Lair:1   | Reached skill level 15 in Axes
 12832 | Lair:2   | Found a hole to the Spider Nest.
 12895 | Lair:2   | Reached skill level 16 in Axes
 13293 | Lair:3   | Gained mutation: You cannot study or cast Air magic. [Ru
                  | sacrifice]
 13293 | Lair:3   | Gained mutation: You cannot study or cast Transmutations
                  | magic. [Ru sacrifice]
 13293 | Lair:3   | Gained mutation: You cannot study or cast Conjurations
                  | magic. [Ru sacrifice]
 13293 | Lair:3   | Reached **** piety under Ru
 13444 | Lair:3   | Reached skill level 17 in Axes
 13444 | Lair:3   | Noticed Amaemon
 13449 | Lair:3   | Killed Amaemon
 13491 | Lair:3   | Found a staircase to the Shoals.
 14500 | Lair:4   | Reached skill level 18 in Axes
 15103 | Lair:5   | Entered Level 5 of the Lair of Beasts
 15115 | Lair:5   | Identified the +9 arbalest "Kunac" {penet, rCorr Int+2}
 15131 | Lair:5   | Gained mutation: You occasionally lose the ability to read
                  | scrolls when taking damage. [Ru sacrifice]
 15131 | Lair:5   | Gained mutation: You sometimes lose the ability to read
                  | scrolls when taking damage. [Ru sacrifice]
 15131 | Lair:5   | Reached ***** piety under Ru
 15154 | Lair:5   | Reached XP level 14. HP: 114/132 MP: 15/15
 15181 | Lair:5   | Reached skill level 19 in Axes
 15381 | Lair:5   | Reached skill level 20 in Axes
 15867 | Lair:5   | Found a staircase to the Slime Pits.
 16569 | D:12     | Bought a +1 hat of see invisible for 208 gold pieces
 16671 | D:13     | Reached skill level 15 in Fighting
 17054 | D:13     | Identified the +3 robe "Paamix" {Harm *Slow rF+ rCorr}
 17061 | D:13     | Identified a scroll of acquirement
 17162 | D:13     | Acquired a +2 executioner's axe of venom
 17244 | Orc:1    | Entered Level 1 of the Orcish Mines
 17499 | Orc:1    | Found Uxoiteah's Armour Emporium.
 17697 | Orc:2    | Entered Level 2 of the Orcish Mines
 17721 | Orc:2    | Found a staircase to the Elven Halls.
 17777 | Orc:2    | Found a runed translucent door.
 17778 | Orc:2    | Noticed avis's ghost (journeyman HOMo)
 17914 | Orc:2    | Noticed Maurice
 17926 | Orc:2    | Killed Maurice
 18021 | Orc:2    | Found Esyman's Magic Scroll Shoppe.
 18041 | Orc:2    | Found Keaqealo's General Store.
 18090 | Orc:2    | Bought a scroll of acquirement for 676 gold pieces
 18090 | Orc:2    | Bought a scroll of fear for 52 gold pieces
 18090 | Orc:2    | Acquired 1109 gold pieces
 18094 | Orc:2    | Bought a potion of haste for 100 gold pieces
 18123 | Orc:2    | Gained mutation: Your magical capacity is low. (-10% MP) [a
                  | neqoxec]
 18141 | Orc:2    | Gained mutation: You are clumsy. (Dex -2) [a neqoxec]
 18186 | Orc:2    | Reached XP level 15. HP: 97/141 MP: 14/14
 18449 | Orc:2    | Paralysed by an orc sorcerer for 4 turns
 18564 | Orc:2    | Found Mazxai's Antique Armour Boutique.
 18564 | Orc:2    | Found Waots's Book Shop.
 18565 | Orc:2    | Found a one-way gate leading to the halls of Pandemonium.
 18821 | Orc:2    | Killed avis's ghost
 18826 | Orc:2    | Identified the +0 orcbow of Cafuigg {antimagic, *Slow rElec
                  | rN+++ Stlth+}
 18900 | D:14     | Identified the +0 robe "Cikic" {Int+3}
 19104 | D:14     | Paralysed by Rupert for 4 turns
 19110 | D:14     | Killed Rupert
 19131 | D:14     | Killed Urug
 19133 | D:14     | Killed Nessos
 19811 | D:15     | Bought a scroll of brand weapon for 275 gold pieces
 19826 | D:15     | Found a portal to a secret trove of treasure.
 20514 | Spider:1 | Entered Level 1 of the Spider Nest
 20612 | Spider:1 | Identified the ring of Idankoik {Fly Int-5 Dex+8 SInv
                  | Stlth-}
 20663 | Spider:1 | Gained mutation: You occasionally lose the ability to drink
                  | potions when taking damage. [Ru sacrifice]
 20663 | Spider:1 | Gained mutation: You sometimes lose the ability to drink
                  | potions when taking damage. [Ru sacrifice]
 20663 | Spider:1 | Reached ****** piety under Ru
 21177 | Spider:1 | Reached skill level 21 in Axes
 21616 | Spider:2 | Noticed an emperor scorpion
 21629 | Spider:2 | Killed an emperor scorpion
 21630 | Spider:2 | Reached XP level 16. HP: 108/154 MP: 15/15
 21708 | Spider:2 | You are sucked into a shaft and drop 1 floor!
 22678 | Spider:2 | Reached skill level 22 in Axes
 23023 | Spider:4 | Entered Level 4 of the Spider Nest
 23358 | Spider:4 | Paralysed by a jorogumo for 1 turns
 23875 | Spider:4 | HP: 5/152 [disintegration (69)]
 24376 | Spider:4 | Got a gossamer rune of Zot
 24929 | Shoals:1 | Entered Level 1 of the Shoals
 24948 | Shoals:1 | Reached skill level 23 in Axes
 24948 | Shoals:1 | Reached XP level 17. HP: 167/168 MP: 16/16
 25372 | Shoals:1 | Noticed Josephine
 25388 | Shoals:1 | Killed Josephine
 26472 | Shoals:2 | Found a runed translucent gate.
 26472 | Shoals:2 | Found a runed translucent gate.
 26472 | Shoals:2 | Found a runed translucent gate.
 26478 | Shoals:2 | Found an opulent altar of Gozag.
 26480 | Shoals:2 | Noticed justen's ghost (journeyman GnSh)
 26491 | Shoals:2 | Found Cysaba's Assorted Antiques.
 27065 | Shoals:3 | Reached skill level 10 in Throwing
 27222 | Shoals:3 | Noticed Roxanne
 27887 | Shoals:4 | Entered Level 4 of the Shoals
 28097 | Shoals:4 | Reached skill level 24 in Axes
 28104 | Shoals:4 | HP: 5/150 [merfolk aquamancer/torrent of water (22)]
 28106 | Shoals:4 | Killed from afar by a merfolk aquamancer

Illustrated notes

Levels and vault maps discovered:
D:1:      orjb1_lava_funnel, layout_rooms, serial_corexii_hall,
          corexii_hall_statues_x, chequers_hall_statues_wall_a,
          minmay_tetromino_o4
D:2:      minmay_chambers_of_twos, layout_basic
D:3:      layout_loops_ring, uniq_sigmund
D:4:      layout_loops_cross, kennysheep_mini_moat, amcnicky_altar_gilded,
          nicolae_overflow_crystal_walls, serial_demonic, serial_demonic_b,
          serial_demonic_b, serial_demonic_c, serial_demonic_f,
          uniq_crazy_yiuf_cottage
D:5:      layout_basic, nicolae_ru_the_path_less_chosen, lemuel_round_altar,
          mainiacjoe_overflow_24_doors, serial_shops, shop, uniq_ijyb,
          uniq_pikel, uniq_menkaure
D:6:      layout_basic, temple_pool_b, kennysheep_opposing_triangles
D:7:      layout_loops_ring, general_overflow_altar,
          mainiacjoe_overflow_surrounded_room, serial_shops, shop
D:8:      layout_loops_ring, elyvilon_altar_3, okawaru_altar_gauntlet_db,
          fedhas_altar_decomposition, erik_lair_dragon,
          nicolae_concentric_dashed_squares_mild, st_stairs_13
D:9:      layout_cross, serial_shops, shop
D:10:     layout_rooms, mainiacjoe_overflow_six_doors_small, kennysheep_mini
D:11:     layout_basic, gammafunk_ghost_spectres
D:12:     layout_irregular_city, hiddenorc1_lemuel, serial_shops, shop
D:13:     layout_loops_corners
D:14:     layout_gridville, david_vaults_3, nicolae_eternal_life,
          gauntlet_entry_generic
D:15:     hellmonk_depths_entry_around_the_bend, layout_stronghold,
          serial_shops, shop, minmay_strange_pillars, enter_trove_0
Lair:1:   layout_long_grid
Lair:2:   layout_cave_pods, spider_nest_entry_a, infiniplex_staircase_pool_2,
          grunt_megastairs_3
Lair:3:   layout_cave_pods, nicolae_shoals_entry_roost, uniq_amaemon
Lair:4:   layout_big_grid, cheibrodos_lair_lostbears, grunt_megastairs_2
Lair:5:   grunt_lair_end_beastmaster, layout_misc_corridors,
          minmay_slime_entry_jelly_boxes, special_room
          [special_room_mythical_zoo]
Shoals:1: layout_shoals, uniq_josephine
Shoals:2: layout_shoals, ebering_ghost_gozag
Shoals:3: layout_shoals, uniq_roxanne
Shoals:4: shoals_end_hellmonk_holy_island, serial_shops
Spider:1: layout_spider_delve
Spider:2: layout_spider_delve, drop_trap
Spider:3: layout_spider_delve, drop_trap, nicolae_spider_nook
Spider:4: guppyfry_spider_rune, nicolae_spider_world_wide_web
Orc:1:    layout_caves, serial_shops, nicolae_shop_tiny_statue_garden
Orc:2:    pf_orc_diabolical, layout_caves, ebering_ghost_inner_flame,
          nicolae_orc_crystal_geode, uniq_maurice

Skill      XL: |  1  2  3  4  5  6  7  8  9 10 11 12 13 14 15 16 17 |
---------------+----------------------------------------------------+-----
Axes           | 4 5 6 7 8 9 10 11 12 13 14 18 20 21 23 24 | 24.0
Fighting       | 4 5 7 8 10 11 12 13 14 15 16 19 20 | 20.4
Armour         | 3 6 7 9 10 11 13 14 | 14.0
Dodging        | 3 6 7 9 10 11 13 | 13.0
Throwing       | 1 4 6 7 8 10 | 10.0
Conjurations   | 0 |  0.0
Spellcasting   | |  1.3

Action                     |  1- 3 |  4- 6 |  7- 9 | 10-12 | 13-15 | 16-18 || total
---------------------------+-------+-------+-------+-------+-------+-------++-------
  Melee: Hand axe          |    85 |   123 |   254 |   621 |     3 |       ||  1086
         Headbutt          |    11 |    24 |    51 |   148 |   195 |   133 ||   562
         Punch             |       |     2 |     2 |    16 |       |       ||    20
         Battleaxe         |       |       |       |       |   427 |       ||   427
         Executioner's axe |       |       |       |       |   465 |   574 ||  1039
  Throw: Throwing net      |       |       |     1 |     1 |       |       ||     2
         Dart              |       |       |       |    13 |     3 |       ||    16
         Boomerang         |       |       |       |    15 |    20 |    30 ||    65
         Javelin           |       |       |       |       |    21 |    14 ||    35
 Invoke: Sacrifice Stealth |       |       |     1 |       |       |       ||     1
         Sacrifice Artific |       |       |       |     1 |       |       ||     1
         Sacrifice Words   |       |       |       |       |     1 |       ||     1
         Sacrifice Arcana  |       |       |       |       |     1 |       ||     1
         Reject Sacrifices |       |       |       |       |     1 |       ||     1
         Draw Out Power    |       |       |       |       |     1 |       ||     1
         Sacrifice Drink   |       |       |       |       |     1 |       ||     1
         Apocalypse        |       |       |       |       |       |     2 ||     2
    Use: Scroll            |       |       |       |    15 |    18 |    12 ||    45
         Potion            |       |       |       |     4 |     5 |     8 ||    17
   Stab: Sleeping          |     1 |       |       |       |       |       ||     1
         Held in net/web   |       |       |       |     1 |       |       ||     1
         Invisible         |       |       |       |     1 |    10 |     2 ||    13
         Distracted        |       |       |       |       |     4 |     1 ||     5
         Petrified         |       |       |       |       |     6 |       ||     6
         Paralysed         |       |       |       |       |     4 |     7 ||    11
         Petrifying        |       |       |       |       |     2 |       ||     2
 Armour: Leather armour    |    10 |       |       |       |       |       ||    10
         Robe              |    35 |    63 |   160 |    89 |       |       ||   347
         Steam dragon scal |       |       |       |   277 |   705 |   490 ||  1472
  Dodge: Dodged            |    67 |    60 |   137 |   315 |   629 |   395 ||  1603
  Block: Other             |       |       |       |       |     3 |    11 ||    14

Table legend: (Time is in decaauts)
 A = Elapsed time spent in this place.
 B = Non-inter-level travel time spent in this place.
 C = Inter-level travel time spent in this place.
 D = Time resting spent in this place.
 E = Time spent auto-exploring this place.
 F = Levels seen in this place.
 G = Mean time per level.
                   A        B        C        D        E       F      G
               +--------+--------+--------+--------+--------+-----+--------+
         Total |  27786 |  25738 |   2048 |    476 |  19340 |  30 |  926.2 |
       Dungeon |  13567 |  12255 |   1312 |    117 |   9224 |  15 |  904.5 |
          Lair |   5308 |   4931 |    377 |     73 |   3823 |   5 | 1061.6 |
        Shoals |   3026 |   2884 |    142 |    138 |   1991 |   4 |  756.5 |
   Spider Nest |   4297 |   4115 |    182 |    126 |   3108 |   4 | 1074.2 |
  Orcish Mines |   1587 |   1553 |     34 |     20 |   1193 |   2 |  793.5 |
               +--------+--------+--------+--------+--------+-----+--------+

Top non-repeatable levels by time:
Spider:4: 1775 daAuts
     D:8: 1349 daAuts
  Lair:3: 1275 daAuts
    D:15: 1231 daAuts
  Lair:5: 1203 daAuts
    D:11: 1195 daAuts
    D:13: 1161 daAuts
  Lair:1: 1158 daAuts
   Orc:2: 1135 daAuts
Shoals:2: 1020 daAuts
Shoals:3: 974 daAuts
    D:14: 959 daAuts
    D:12: 951 daAuts
     D:5: 941 daAuts
Shoals:1: 931 daAuts
